 Dungeon Crawl Stone Soup version 0.30-a0-726-gd89dcf765f (webtiles) character file.

Game seed: 6936381752437387265

3084 jimonade the Covert (level 9, -1/44 (46) HPs)
             Began as a Vine Stalker Brigand on Jan 30, 2023.
             Slain by a gnoll
             ... wielding a +0 spear
             ... led by a gnoll sergeant
              (4 damage)
             ... on level 8 of the Dungeon.
             The game lasted 00:15:28 (6034 turns).

jimonade the Covert (Vine Stalker Brigand)          Turns: 6034, Time: 00:15:29

HP:   -1/44 (46)    AC: 11    Str: 14    XL:     9   Next: 89%
MP:   0/10          EV: 12    Int: 13    God:
Gold: 578           SH:  5    Dex: 18    Spells: 8/8 levels left

rFire   . . .      SeeInvis .    a - +7 hand axe of the Voracious God {drain, rElec rPois rN+}
rCold   . . .      Faith    .    (no shield)
rNeg    + + .      Spirit   +    g - +1 ring mail {rN+}
rPois   +          Reflect  +    F - +0 helmet
rElec   +          Harm     .    c - +1 cloak
rCorr   .          Rampage  .    C - +0 pair of gloves
Will    +....                    (no boots)
Stlth   ++++                     x - amulet of reflection
HPRegen 1.07/turn                (no ring)
MPRegen 0.12/turn                (no ring)

@: mighty, marked, lightly drained
A: fangs 3, regeneration 1, magic shield, antimagic bite, no potion heal 2
a: no special abilities


You were on level 8 of the Dungeon.
You visited 2 branches of the dungeon, and saw 9 of its levels.
You also visited: Sewer.

You collected 578 gold pieces.

Inventory:

Hand Weapons
 a - the +7 hand axe of the Voracious God (weapon) {drain, rElec rPois rN+}
   (You took it off an orc on level 5 of the Dungeon)

   rElec:     It insulates you from electricity.
   rPois:     It protects you from poison.
   rN:        It protects you from negative energy.
 b - a +1 dagger of venom
 N - a +2 dagger of protection
Missiles
 d - 25 poisoned darts (quivered)
 e - 3 curare-tipped darts
 j - 8 boomerangs
 r - 59 stones
Armour
 c - a +1 cloak (worn)
 g - a +1 ring mail of positive energy (worn)
 n - a +1 leather armour of cold resistance
 v - a +0 ring mail
 B - a +0 chain mail
 C - a +0 pair of gloves (worn)
 F - a +0 helmet (worn)
 H - a +0 robe of the Archmagi
Magical Staves
 i - a staff of conjuration
Jewellery
 x - an amulet of reflection (around neck)
Wands
 y - a wand of iceblast (1)
 D - a wand of mindburst (13)
 J - a wand of digging (8)
Scrolls
 k - 2 scrolls of enchant armour
 s - a scroll of blinking
 t - 2 scrolls of poison
 u - a scroll of immolation
 A - 2 scrolls of summoning
 I - 3 scrolls of amnesia
 M - a scroll of teleportation
Potions
 f - 3 potions of might
 h - 4 potions of curing
 l - a potion of berserk rage
 m - a potion of haste {unknown}
 o - 2 potions of mutation {unknown}
 p - 3 potions of brilliance
 q - 3 potions of invisibility
 w - 2 potions of flight {unknown}
 z - a potion of cancellation {unknown}
 G - 2 potions of resistance


   Skills:
 + Level 4.5 Fighting
 + Level 5.9 Short Blades
 * Level 5.7 Axes
 + Level 2.5 Throwing
 + Level 3.0 Armour
 + Level 3.5 Dodging
 + Level 9.1 Stealth
 + Level 1.7 Shields


You had 8 spell levels left.
You didn't know any spells.
Your spell library contained the following spells:

 Spells                   Type           Power      Damage    Failure   Level
 Apportation              Tloc           0%         N/A       52%         1
 Foxfire                  Conj/Fire      0%         2x1d4     52%         1
 Necrotise                Necr           0%         1d4       52%         1
 Summon Small Mammal      Summ           0%         N/A       52%         1
 Cigotuvi's Dreadful Rot  Necr/Pois/Air  0%         N/A       67%         2
 Poisonous Vapours        Pois/Air       0%         N/A       67%         2
 Dazzling Flash           Conj/Hex       0%         N/A       88%         3
 Mephitic Cloud           Conj/Pois/Air  0%         N/A       88%         3
 Iskenderun's Mystic Bla  Conj/Tloc      0%         2d3       99%         4
 Fireball                 Conj/Fire      0%         3d3       100%        5
 Starburst                Conj/Fire      0%         6d3       100%        6


Dungeon Overview and Level Annotations

Branches:
Dungeon (8/15)             Temple (1/1) D:6           Sewer (visited)
   Lair: D:8-11

Altars:
Ashenzari
Cheibriados
Dithmenos
Elyvilon
Fedhas
Gozag
Hepliaklqana
Kikubaaqudgha
Makhleb
Qazlal
Sif Muna
Trog
Vehumet
Wu Jian
Xom
Yredelemnul
Zin
The Shining One

Annotations:
D:4 2 runed translucent doors, FallingFreak's ghost, amateur OgWr


Innate Abilities, Weirdness & Mutations

You have razor-sharp teeth.
Your natural rate of healing is unusually fast.
When hurt, damage is shared between your health and your magic reserves.
Your bite disrupts and absorbs the magic of your enemies.
Potions cannot restore your health.


Message History

You see here a throwing net.
You tear a large gash into the net.
The wight barely misses you.
You struggle against the net.
The wight hits you but does no damage. The wight barely misses you.
A gnoll comes into view. It is wielding a +0 halberd.
You struggle against the net.
The wight hits you with a +0 war axe.
A gnoll comes into view. It is wielding a +0 sling.
The wight hits you with a +3 hand axe.
You shred the net and break free! You block the wight's attack.
The wight barely misses you. The wight closely misses you.
The wight barely misses you.
A gnoll sergeant comes into view. It is wielding a +2 heavy spear.
The wight hits you with a +3 hand axe. You partially resist.
You feel drained.
A gnoll comes into view. It is wielding a +0 whip.
The gnoll completely misses you.
You slash the wight!
The wight is severely damaged.
You hit the gnoll. You hit the wight but do no damage.
A wolf comes into view.
The wight closely misses you.
The wight hits you with a +5 great sword!
You partially resist.
You feel drained. The gnoll closely misses you. The wolf bites you.
You are too injured to fight recklessly!
You slash the gnoll!
The gnoll is almost dead.
You barely miss the wight. You slash the wight! You miss the wolf.
The wolf closely misses you. The wight hits you with a +0 war axe!
You block the wight's attack. You block the gnoll's attack.
You are too injured to fight recklessly!
You are too injured to fight recklessly!
You are too injured to fight recklessly!
You feel very mighty all of a sudden. The wolf bites you!
* * * LOW HITPOINT WARNING * * *
A wolf comes into view.
The wight hits you with a +0 war axe.
* * * LOW HITPOINT WARNING * * *
The wight closely misses you. The gnoll hits you with a +0 spear.
You die... ##.#.# ....# ### #.#.# ....#...# .#......#######. ....##.......... #.....h......# ##...zz######## #.#.zz@gggggg.

# ##...#h#######.
### #.##....h...#
).######.....##.##.#
≈........##.###.# #
..###...........#
8........#.######
..<##.##.#.#
≈..##.)..#.#


You could see a gnoll sergeant, 2 wolves, a howler monkey, 4 wights and 5
gnolls.

Vanquished Creatures
  Pikel (D:5)
  Prince Ribbit (D:7)
  A steam dragon (D:7)
  4 water moccasins
  Pargi (Sewer)
  2 orc warriors (D:6)
  2 ice beasts
  A centaur (D:8)
  A lemure (D:5)
  3 phantoms
  2 necrophages
  A gnoll sergeant (D:8)
  6 jellies
  6 orc priests
  6 hounds
  Terence (D:2)
  6 orc wizards
  3 gnolls (D:8)
  8 adders
  2 shadow imps
  An ufetubus (D:5)
  A worm (D:4)
  4 dart slugs
  20 orcs
  6 endoplasms
  5 giant cockroaches
  10 goblins
  5 hobgoblins
  7 jackals
  12 kobolds
  7 quokkas
  4 ball pythons
  6 bats
  6 frilled lizards
  7 rats
159 creatures vanquished.

Notes
Turn   | Place    | Note
-------+----------+-------------------------------------------
     0 | D:1      | jimonade the Vine Stalker Brigand began the quest for the
                  | Orb.
     0 | D:1      | Reached XP level 1. HP: 11/11 MP: 2/2
    45 | D:1      | Reached skill level 5 in Stealth
   122 | D:1      | Reached XP level 2. HP: 15/15 MP: 3/3
   614 | D:1      | Reached XP level 3. HP: 18/18 MP: 4/4
   949 | D:2      | Reached skill level 6 in Stealth
  1163 | D:2      | Noticed Terence
  1170 | D:2      | Killed Terence
  1171 | D:2      | Gained mutation: Your natural rate of healing is unusually
                  | fast. [Vine Stalker growth]
  1171 | D:2      | Reached XP level 4. HP: 23/23 MP: 5/5
  1340 | D:2      | You fall into a shaft and drop 1 floor!
  1423 | D:3      | Found a faded altar of an unknown god.
  1700 | D:3      | Found a glowing drain.
  1713 | Sewer    | Entered a sewer
  1776 | Sewer    | Reached XP level 5. HP: 26/26 MP: 6/6
  1845 | Sewer    | Noticed Pargi
  1873 | Sewer    | Killed Pargi
  1874 | Sewer    | Reached skill level 1 in Dodging
  2095 | D:3      | Found an opulent altar of Gozag.
  2126 | D:3      | Found a stormy altar of Qazlal.
  2132 | D:3      | Reached XP level 6. HP: 32/32 MP: 7/7
  2437 | D:3      | Reached skill level 1 in Armour
  2437 | D:3      | Reached skill level 7 in Stealth
  2844 | D:4      | Reached XP level 7. HP: 35/35 MP: 8/8
  3225 | D:4      | Found a large runed translucent door.
  3225 | D:4      | Found a large runed translucent door.
  3230 | D:4      | Noticed FallingFreak's ghost (amateur OgWr)
  3436 | D:5      | Entered Level 5 of the Dungeon
  3502 | D:5      | Found a radiant altar of Vehumet.
  3622 | D:5      | Noticed Pikel
  3650 | D:5      | Killed Pikel
  3651 | D:5      | Reached skill level 5 in Short Blades
  3651 | D:5      | Reached skill level 8 in Stealth
  3651 | D:5      | Gained mutation: You have razor-sharp teeth. [Vine Stalker
                  | growth]
  3651 | D:5      | Reached XP level 8. HP: 31/40 MP: 4/9
  3896 | D:5      | Identified the +7 hand axe of the Voracious God {drain,
                  | rElec rPois rN+}
  4184 | D:6      | Reached skill level 1 in Axes
  4202 | D:6      | Reached skill level 1 in Shields
  4263 | D:6      | Reached XP level 9. HP: 36/45 MP: 6/10
  4295 | D:6      | Found an ancient bone altar of Kikubaaqudgha.
  4368 | D:6      | Found a basalt altar of Yredelemnul.
  4520 | D:6      | Reached skill level 9 in Stealth
  4783 | D:6      | Found a staircase to the Ecumenical Temple.
  4802 | Temple   | Entered the Ecumenical Temple
  4863 | D:6      | Found a snail-covered altar of Cheibriados.
  4863 | D:6      | Found a white marble altar of Elyvilon.
  5430 | D:7      | Found a glowing golden altar of the Shining One.
  5601 | D:7      | Noticed Prince Ribbit
  5613 | D:7      | Killed Prince Ribbit
  5614 | D:7      | Reached skill level 5 in Axes
  5731 | D:7      | Found a broken altar of Ashenzari.
  5912 | D:8      | Found a bloodstained altar of Trog.
  6034 | D:8      | Slain by a gnoll

Illustrated notes

Levels and vault maps discovered:
D:1:      dpeg_arrival_fog, layout_basic, wander_ebering_terrifying_dragon_lair
D:2:      layout_loops_ring, basic_altar, uniq_robin, uniq_terence
D:3:      layout_basic, mainiacjoe_overflow_concentric_impassable,
          overflow_temple_1_default, chequers_ecumenical_altar_island,
          portal_sewer_entry_f
D:4:      layout_layer_cave, ebering_ghost_disaster_area
D:5:      layout_basic, vehumet_crystals, chequers_serial_rivers_marsh,
          uniq_pikel
D:6:      layout_basic, yredelemnul_altar_generic, kiku_gazebo_pond_becter,
          gammafunk_temple_overflow_elements, temple_fountains,
          grunt_ministairs_6
D:7:      layout_basic, mainiacjoe_overflow_catch_the_wave, moated_statue,
          uniq_prince_ribbit1
D:8:      layout_loops_cross, kennysheep_mini, mainiacjoe_overflow_catwalk,
          minmay_between, uniq_grum
Temple:   hellmonk_temple_two_chambers

Skill      XL: |  1  2  3  4  5  6  7  8  9 |
---------------+----------------------------+-----
Stealth        | 5 6 7 8 9 |  9.1
Short Blades   | 2 3 5 |  5.9
Throwing       | 2 |  2.5
Fighting       | 2 3 4 |  4.5
Dodging        | 1 2 3 |  3.5
Armour         | 1 2 3 |  3.0
Axes           | 1 5 |  5.7
Shields        | 1 |  1.7

Action                     |  1- 3 |  4- 6 |  7- 9 || total
---------------------------+-------+-------+-------++-------
  Melee: Dagger            |    59 |   121 |   104 ||   284
         Bite              |    18 |    29 |    74 ||   121
         Punch             |       |     2 |     3 ||     5
         Hand axe          |       |       |   171 ||   171
  Throw: Dart              |       |    12 |     1 ||    13
    Use: Scroll            |       |     5 |    14 ||    19
         Potion            |       |       |     1 ||     1
   Stab: Sleeping          |    14 |    18 |    11 ||    43
 Armour: Robe              |     5 |       |       ||     5
         Leather armour    |     4 |    51 |    50 ||   105
         Ring mail         |       |       |    37 ||    37
  Dodge: Dodged            |    26 |    84 |   115 ||   225
  Block: Other             |       |     4 |    49 ||    53
         Reflection        |       |       |     1 ||     1

Table legend: (Time is in decaauts)
 A = Elapsed time spent in this place.
 B = Non-inter-level travel time spent in this place.
 C = Inter-level travel time spent in this place.
 D = Time resting spent in this place.
 E = Time spent auto-exploring this place.
 F = Levels seen in this place.
 G = Mean time per level.
                   A        B        C        D        E       F      G
               +--------+--------+--------+--------+--------+-----+--------+
         Total |   6018 |   5661 |    357 |    512 |   3755 |  10 |  601.8 |
       Dungeon |   5782 |   5429 |    353 |    512 |   3593 |   8 |  722.8 |
        Temple |     25 |     21 |      4 |      0 |     19 |   1 |   25.0 |
         Sewer |    210 |    210 |      0 |      0 |    142 |   1 |  210.0 |
               +--------+--------+--------+--------+--------+-----+--------+

Top non-repeatable levels by time:
     D:6: 1026 daAuts
     D:4: 1021 daAuts
     D:3: 852 daAuts
     D:1: 828 daAuts
     D:5: 733 daAuts
     D:7: 731 daAuts
     D:2: 505 daAuts
   Sewer: 210 daAuts
     D:8: 84 daAuts
  Temple: 25 daAuts
